 Dungeon Crawl Stone Soup version 0.26.1-2-gb8aa6d0cf2 (webtiles) character file.

Game seed: 5846329166811895384

223 rel the Cutter (level 6, -3/58 HPs)
             Began as a Kobold Berserker on Mar 25, 2021.
             Was a Priest of Trog.
             Slain by an orc warrior
             ... wielding a +0 flail
              (7 damage)
             ... on level 4 of the Dungeon.
             The game lasted 00:08:06 (4601 turns).

rel the Cutter (Kobold Berserker)                   Turns: 4601, Time: 00:08:06

Health: -3/58      AC:  8    Str: 15    XL:     6   Next: 20%
Magic:  6/6        EV: 16    Int:  9    God:    Trog [***...]
Gold:   208        SH:  0    Dex: 15    Spells: 5/5 levels left

rFire    . . .     SeeInvis .   a - +0 short sword
rCold    . . .     Faith    .   (shield restricted)
rNeg     . . .     Spirit   .   g - +0 leather armour
rPois    .         Reflect  .   (no helmet)
rElec    .         Harm     .   (no cloak)
rCorr    .         Rampage  .   o - +0 pair of gloves
Will     .....                  (no boots)
Stlth    ..........             (no amulet)
HPRegen  0.19/turn              n - +4 ring of protection
MPRegen  0.10/turn              (no ring)

@: berserking (expiring), lethally poisoned (-3 -> -5), very quick
A: small, nightstalker 3
a: Renounce Religion, Berserk, Trog's Hand


You were on level 4 of the Dungeon.
You worshipped Trog.
Trog was most pleased with you.
You visited 1 branch of the dungeon, and saw 4 of its levels.

You collected 208 gold pieces.

Inventory:

Hand Weapons
 a - a +0 short sword (weapon)
Armour
 g - a +0 leather armour (worn)
 o - a +0 pair of gloves (worn)
Jewellery
 n - a +4 ring of protection (left hand)
Wands
 q - a wand of disintegration (22)
Scrolls
 b - 2 scrolls of identify
 c - 2 scrolls of enchant weapon {unknown}
 e - a scroll of fear {unknown}
 k - a scroll of fog {unknown}
 l - 2 scrolls of remove curse
 r - a scroll of teleportation {unknown}
Potions
 d - a potion of lignification
 f - a potion of heal wounds
 h - a potion of attraction {unknown}
 i - a potion of curing {unknown}
 j - 2 potions of berserk rage {unknown}
 m - a potion of mutation {unknown}
 p - a potion of brilliance {unknown}


   Skills:
 * Level 4.5 Fighting
 + Level 5.5 Short Blades
 + Level 2.0 Armour
 * Level 3.9 Dodging
 * Level 3.4 Stealth


You had 5 spell levels left.
You didn't know any spells.
Your spell library was empty.

Dungeon Overview and Level Annotations

Branches:
Dungeon (4/15)
 Temple: D:4-7

Altars:
Ashenzari
Vehumet

Shops:
D:4 [

Annotations:
D:4 1 transporter


Innate Abilities, Weirdness & Mutations

You are small and have problems with some larger weapons.
You are completely attuned to the shadows.


Message History

You feel sick.
The orc warrior hits you with a +0 flail.
* * * LOW HITPOINT WARNING * * *
The adder misses you.
You hit the orc warrior but do no damage.
The orc warrior is severely wounded.
The adder closely misses you.
The orc warrior hits you with a +0 flail.
* * * LOW HITPOINT WARNING * * *
You closely miss the orc warrior.
The orc warrior is severely wounded.
You are too berserk!
You hit the orc warrior but do no damage.
The orc warrior is severely wounded.
The adder closely misses you.
You hit the orc warrior but do no damage.
The orc warrior is severely wounded.
You feel sick.
The orc warrior hits you with a +0 flail!
You die...

..÷..#)#####.
..#..........
.............
#####.....###### ##..
#....##...©...##.
#....#8.#...#.8#.
#....#...#.#.!$#.
#....#....!.)).#.
#.>.§#..©...@$_#©
###..#.....So!?#.
#....#...#.#.)$#$
.###.#..#8.#...#.8#.
........##.......##.
.........###
######...... #.[.....
.#
#.##################.#


You could see an orc warrior and an adder.

Vanquished Creatures
  A worker ant (D:4)
  4 gnolls (D:3)
  6 adders
  7 dart slugs
  A leopard gecko (D:2)
  12 orcs
  12 bats
  2 giant cockroaches (D:2)
  12 goblins
  10 hobgoblins
  3 kobolds (D:2)
  A quokka (D:4)
  3 frilled lizards
  7 rats
81 creatures vanquished.

Notes
Turn   | Place    | Note
-------+----------+-------------------------------------------
     0 | D:1      | rel the Kobold Berserker began the quest for the Orb.
     0 | D:1      | Reached XP level 1. HP: 14/14 MP: 1/1
   199 | D:1      | Reached XP level 2. HP: 16/19 MP: 2/2
   537 | D:1      | Reached XP level 3. HP: 7/24 MP: 3/3
   911 | D:1      | Reached skill level 1 in Stealth
  1685 | D:2      | Reached ** piety under Trog
  1689 | D:2      | Reached XP level 4. HP: 29/29 MP: 4/4
  2559 | D:3      | Reached skill level 5 in Short Blades
  2785 | D:3      | Reached XP level 5. HP: 30/33 MP: 5/5
  3422 | D:3      | Found a broken altar of Ashenzari.
  4097 | D:4      | Reached *** piety under Trog
  4105 | D:4      | Reached XP level 6. HP: 30/39 MP: 6/6
  4240 | D:4      | Found Ussylyn's Armour Emporium.
  4297 | D:4      | Found a transporter.
  4576 | D:4      | Noticed an orc warrior
  4577 | D:4      | Found a transporter.
  4578 | D:4      | Found a radiant altar of Vehumet.
  4601 | D:4      | Slain by an orc warrior

Illustrated notes

Levels and vault maps discovered:
D:1:      amcnicky_arrival_double_pillar, layout_basic, minmay_tall_x
D:2:      layout_loops_ring
D:3:      layout_basic, evilmike_ruin_ashenzari
D:4:      layout_basic, gammafunk_temple_overflow_arena, temple_hall,
          serial_shops, shop, chequers_garden, kennysheep_small_square

Skill      XL: |  1  2  3  4  5  6 |
---------------+-------------------+-----
Stealth        | 1 2 3 |  3.4
Fighting       | 4 |  4.5
Dodging        | 3 |  3.9
Short Blades   | 5 |  5.5
Armour         | 2 |  2.0

Action                   |  1- 3 |  4- 6 || total
-------------------------+-------+-------++-------
Melee: Short sword       |   106 |   209 ||   315
Invok: Berserk           |       |     5 ||     5
  Use: Scroll            |       |     3 ||     3
       Potion            |       |     2 ||     2
 Stab: Sleeping          |     6 |    10 ||    16
Armor: Animal skin       |     4 |       ||     4
       Leather armour    |     4 |    23 ||    27
       Skin              |       |     9 ||     9
Dodge: Dodged            |    55 |   145 ||   200
